 Dungeon Crawl Stone Soup version 0.30-a0-311-gf115ab0292 (webtiles) character file.

Game seed: 5376128856197164157

11 blackman the Sneak (level 2, -6/24 HPs)
             Began as a Human Delver on Oct 25, 2022.
             Killed by nerve-wracking pain
             ... invoked by an orc priest
              (11 damage)
             ... on level 6 of the Dungeon.
             The game lasted 00:01:17 (237 turns).

blackman the Sneak (Human Delver)                    Turns: 237, Time: 00:01:17

Health: -6/24      AC:  4    Str: 12    XL:     2   Next: 40%
Magic:  4/4        EV: 12    Int: 10    God:
Gold:   24         SH:  0    Dex: 14    Spells: 4/4 levels left

rFire   . . .      SeeInvis .    k - +0 scimitar
rCold   . . .      Faith    .    (no shield)
rNeg    . . .      Spirit   .    b - +0 leather armour
rPois   .          Reflect  .    (no helmet)
rElec   .          Harm     .    l - +0 cloak
rCorr   .          Rampage  .    (no gloves)
Will    .....                    (no boots)
Stlth   +++.......               (no amulet)
HPRegen 0.24/turn                (no ring)
MPRegen 0.09/turn                (no ring)

@: no status effects
A: no striking features
a: no special abilities


You were on level 6 of the Dungeon.
You visited 1 branch of the dungeon, and saw 2 of its levels.

You collected 24 gold pieces.

Inventory:

Hand Weapons
 a - a +0 falchion
 k - a +0 scimitar (weapon)
Armour
 b - a +0 leather armour (worn)
 l - a +0 cloak (worn)
Wands
 g - a wand of digging (3)
 i - a wand of polymorph (13)
Scrolls
 c - a scroll of fog
 d - a scroll of magic mapping
 j - a scroll of amnesia {unknown}


   Skills:
 - Level 3.0 Fighting
 - Level 2.0 Long Blades
 - Level 2.0 Dodging
 - Level 5.0 Stealth
 * Level 1.7 Spellcasting


You had 4 spell levels left.
You didn't know any spells.
Your spell library was empty.

Dungeon Overview and Level Annotations

Branches:
Dungeon (6/15)
 Temple: D:4-7

Altars:


Message History

The ufetubus attacks as you move away! The ufetubus hits you.
The ufetubus barely misses you. The ufetubus attacks as you move away!
The ufetubus hits you.
The ufetubus hits you but does no damage.
Your extra speed is starting to run out.
The orc priest shouts!
The orc shouts!
You slash the orc!
You kill the orc!
The ufetubus hits you. The ufetubus completely misses you.
The ufetubus attacks as you move away!
The ufetubus hits you but does no damage. x2
You feel yourself slow down. The orc closely misses you.
You see here a +0 short sword.
You hit the orc but do no damage.
The ufetubus hits you but does no damage.
The ufetubus closely misses you. x3; The orc hits you with a +0 mace.
The orc priest looks braver for a moment.
You closely miss the orc. The ufetubus barely misses you.
The ufetubus misses you. The orc hits you with a +0 mace.
The ufetubus hits you. The ufetubus closely misses you.
The orc hits you with a +0 mace.
* * * LOW HITPOINT WARNING * * *
The orc priest looks encouraged for a moment.
You slash the orc!
You kill the orc!
The ufetubus hits you.
* * * LOW HITPOINT WARNING * * *
The ufetubus hits you.
* * * LOW HITPOINT WARNING * * *
The ufetubus closely misses you. The ufetubus misses you.
You hit the orc priest.
The orc priest is moderately wounded.
The ufetubus misses you.
The ufetubus hits you but does no damage. x2
The ufetubus barely misses you.
The orc priest mumbles some strange prayers to Beogh against you.
Pain shoots through your body!
You die...

#### #.... . #.... #...∩..
#.[.>.########## #..55..
#.....o@5.5.o..# #......
#.....########5# #....#.
#.... #.# #..... ###.# #.#
#.5#. #.# #.# #.... #o#
####.#####..#.
######.#######....5..5...#.
#.......^......[..#####....
#.##.....#####.#..# #..#.


You could see an orc priest, an orc wizard, 2 shadow imps and an ufetubus.

Vanquished Creatures
  An ufetubus (D:6)
  3 orcs (D:6)
4 creatures vanquished.

Notes
Turn   | Place    | Note
-------+----------+-------------------------------------------
     0 | D:5      | blackman the Human Delver began the quest for the Orb.
     0 | D:5      | Reached XP level 1. HP: 18/18 MP: 1/1
    29 | D:5      | Noticed a lemure
    31 | D:5      | Noticed a lemure
    33 | D:6      | Noticed a hound
   101 | D:6      | Reached skill level 1 in Spellcasting
   125 | D:6      | Reached XP level 2. HP: 22/24 MP: 4/4
   170 | D:6      | Noticed a black bear
   209 | D:6      | Noticed a centaur
   213 | D:6      | Noticed a quasit
   237 | D:6      | Killed from afar by an orc priest

Illustrated notes

Levels and vault maps discovered:
D:5:      layout_gridville, nicolae_overflow_hidden_temple,
          minmay_temple_entry_poolview, uniq_pikel
D:6:      layout_loops_ring, gammafunk_temple_overflow_forgotten,
          serial_demonic, serial_demonic_a, serial_demonic_d, serial_demonic_a,
          serial_demonic_d, serial_demonic_g, serial_demonic_e, uniq_duvessa

Skill      XL: |  1 |
---------------+----+-----
Spellcasting   | 1 |  1.7
Fighting       | |  3.0
Long Blades    | |  2.0
Dodging        | |  2.0
Stealth        | |  5.0

Action                   || total
-------------------------++-------
Melee: Scimitar          ||     9
  Use: Potion            ||     2
       Scroll            ||     1
 Stab: Sleeping          ||     1
Armor: Leather armour    ||     8
Dodge: Dodged            ||    19

Table legend: (Time is in decaauts)
 A = Elapsed time spent in this place.
 B = Non-inter-level travel time spent in this place.
 C = Inter-level travel time spent in this place.
 D = Time resting spent in this place.
 E = Time spent auto-exploring this place.
 F = Levels seen in this place.
 G = Mean time per level.
                   A        B        C        D        E       F      G
               +--------+--------+--------+--------+--------+-----+--------+
         Total |    220 |    211 |      9 |      0 |    104 |   2 |  110.0 |
       Dungeon |    220 |    211 |      9 |      0 |    104 |   2 |  110.0 |
               +--------+--------+--------+--------+--------+-----+--------+

Top non-repeatable levels by time:
     D:6: 187 daAuts
     D:5: 33 daAuts
